 Dungeon Crawl Stone Soup version 0.24.1-14-gf8d2b509d9 (webtiles) character file.

Game seed: 5321674263321013421, levelgen mode: deterministic

149 Arsuriii the Skirmisher (level 5, -2/48 HPs)
             Began as a Minotaur Abyssal Knight on Apr 17, 2021.
             Was a Believer of Lugonu.
             Slain by Grinder (8 damage)
             ... on level 3 of the Dungeon.
             The game lasted 00:06:25 (661 turns).

Arsuriii the Skirmisher (Minotaur Abyssal Knight)    Turns: 661, Time: 00:06:28

Health: -2/48      AC:  5    Str: 15 (17) XL:     5   Next: 9%
Magic:  5/5        EV: 10    Int:  8 (9)  God:    Lugonu [**....]
Gold:   72         SH:  0    Dex:  8 (10) Spells: 4/4 levels left

rFire    . . .     SeeInvis .   a - +1 falchion
rCold    . . .     Gourm    .   (no shield)
rNeg     . . .     Faith    .   g - +0 ring mail
rPois    .         Spirit   .   (helmet restricted)
rElec    .         Reflect  .   (no cloak)
rCorr    +         Harm     .   (no gloves)
MR       .....                  (no boots)
Stlth    ..........             k - amulet of inaccuracy (curse)
HPRegen  0.16/turn              l - ring of resist corrosion
MPRegen  0.09/turn              (no ring)

@: no status effects
A: retaliatory headbutt, horns 2
a: Depart the Abyss, Bend Space, Renounce Religion


You were on level 3 of the Dungeon.
You worshipped Lugonu.
Lugonu was pleased with you.
You were full.

You visited 1 branch of the dungeon, and saw 3 of its levels.
You visited the Abyss 1 time.

You collected 72 gold pieces.

Inventory:

Hand Weapons
 a - a +1 falchion (weapon)
Armour
 g - a +0 ring mail (worn)
Jewellery
 k - a cursed amulet of inaccuracy (around neck)
 l - a ring of resist corrosion (left hand)
Scrolls
 f - a scroll of magic mapping {unknown}
 j - a scroll of immolation {unknown}
Potions
 e - a potion of brilliance {unknown}
 h - a potion of flight {unknown}
 i - 2 potions of heal wounds {unknown}
Comestibles
 c - a ration


   Skills:
 + Level 5.4 Fighting
 + Level 3.7 Long Blades
 + Level 3.3 Armour
 + Level 1.4 Dodging
 + Level 2.3 Invocations


You had 4 spell levels left.
You didn't know any spells.
Your spell library was empty.

Dungeon Overview and Level Annotations

Branches:
Dungeon (3/15)

Altars:

Annotations:
D:3 Grinder


Innate Abilities, Weirdness & Mutations

You reflexively headbutt those who attack you in melee.
You have a pair of horns on your head.


Message History

You completely miss Grinder. Grinder hits you.
You writhe in agony.
* * * LOW HITPOINT WARNING * * *
You eat one of the 2 rations.
That ration really hit the spot!
Grinder misses you. You furiously retaliate!
You headbutt Grinder.
It was a potion of degeneration.
There was something very wrong with that liquid.
You feel weakened.
You feel dopey.
You feel clumsy. Grinder gestures at you.
You suddenly lose the ability to move!
Grinder hits you.
* * * LOW HITPOINT WARNING * * *
You can move again.
You barely miss Grinder.
Grinder is lightly wounded.
Grinder hits you.
* * * LOW HITPOINT WARNING * * *
You writhe in agony.
* * * LOW HITPOINT WARNING * * *
Grinder hits you!
You die...

.###....##....(.....##.
#...#....##.....†....##.
'........##.....)....##.
........####..##'#####.
##.#....# #..##.# ##
#.......# #..##.######
#.......# #..##......#
##..!.5..# #..##......#
.......@.# #..#.......+
.######'## ###.....# #.#
#<'.....+ #.# ###.....#
#.# #...... #.## ##.####
#..# .. ##.## #.. #.#
#..###.# .#


You could see Grinder.

Vanquished Creatures
  A small abomination (Abyss:1)
  An orc wizard (D:3)
  An adder (D:3)
  An ooze (D:3)
  A worm (D:2)
  A leopard gecko (D:2)
  8 orcs (D:3)
  A ball python (D:1)
  3 giant cockroaches
  2 goblins
  A hobgoblin (D:3)
  4 bats
  4 kobolds
  2 rats
31 creatures vanquished.

Notes
Turn   | Place    | Note
-------+----------+-------------------------------------------
     0 | Abyss:1  | Arsuriii the Minotaur Abyssal Knight began the quest for
                  | the Orb.
     0 | Abyss:1  | Reached XP level 1. HP: 19/19 MP: 1/1
    58 | Abyss:1  | Noticed a small abomination
    69 | Abyss:1  | Killed a small abomination
    69 | Abyss:1  | Reached skill level 5 in Fighting
    69 | Abyss:1  | Reached XP level 2. HP: 24/29 MP: 2/2
    69 | Abyss:1  | Reached XP level 3. HP: 30/36 MP: 3/3
    76 | D:1      | Escaped the Abyss
   134 | D:1      | Reached XP level 4. HP: 40/42 MP: 4/4
   501 | D:3      | Reached ** piety under Lugonu
   599 | D:3      | Reached XP level 5. HP: 46/48 MP: 5/5
   652 | D:3      | Noticed Grinder
   659 | D:3      | Paralysed by Grinder for 2 turns
   661 | D:3      | Slain by Grinder

Levels and vault maps discovered:
D:1:      lightli_arrival_boilingwater, layout_rooms
D:2:      layout_rooms, serial_bayou_lagoon_a
D:3:      layout_basic, minivault_14, evilmike_ruin_ashenzari, uniq_grinder

Skill      XL: |  1 |
---------------+----+-----
Fighting       | 5 |  5.4
Long Blades    | 3 |  3.7
Armour         | 3 |  3.3
Invocations    | 2 |  2.3
Dodging        | |  1.4

Action                   |  1- 3 |  4- 6 || total
-------------------------+-------+-------++-------
Melee: Falchion          |    12 |    52 ||    64
       Headbutt          |     3 |    10 ||    13
  Use: Potion            |       |     1 ||     1
  Eat: Ration            |       |     1 ||     1
Armor: Leather armour    |     2 |     2 ||     4
       Ring mail         |       |    25 ||    25
Dodge: Dodged            |    11 |    38 ||    49
       Rpst.: Falchion   |     2 |     9 ||    11
